Map: Simulacrum LE

Players

misterG

  • Race: Protoss Protoss
  • League: Master
  • Spawn Location: 5:00

MikeHawk - Winner!

  • Race: Terran Terran
  • League: Master
  • Spawn Location: 11:00

VOD

Have the link to the VOD?

Description

Time

  • Played on: Dec. 18, 2019, 2:43 p.m.
  • Length: 6:53
Show
View Real Time Build Order
Export as new Build Order

misterG Protoss 

Build Orders: 1 Gate Expand, Blink Stalkers 

Get SALT Encoding   

  12  0:00  Probe  
  13  0:13  Probe  
  14  0:17  Pylon  
  14  0:25  Probe (Chrono Boost)  
  15  0:37  Probe (Chrono Boost), Gateway  
  16  0:43  Probe (Chrono Boost)  
  16  0:47  Assimilator  
  17  0:52  Probe  
  18  1:04  Probe  
  19  1:16  Probe  
  20  1:27  Nexus  
  20  1:36  Cybernetics Core  
  20  1:39  Probe  
  21  1:46  Assimilator  
  21  1:54  Pylon  
  21  1:55  Probe  
  22  2:07  Probe  
  23  2:10  Stalker (Chrono Boost)  
  23  2:14  Warp Gate  
  25  2:20  Probe (Chrono Boost)  
  26  2:27  Robotics Facility  
  26  2:31  Probe (Chrono Boost)  
  25  2:41  Probe (Chrono Boost)  
  25  2:42  Probe (Chrono Boost)  
  27  2:50  Stalker, Probe (Chrono Boost)  
  31  2:53  Probe (Chrono Boost)  
  31  2:55  Probe (Chrono Boost)  
  32  3:02  Probe  
  32  3:05  Twilight Council  
  33  3:08  Probe  
  34  3:15  Observer  
  35  3:20  Gateway  
  35  3:24  Gateway  
  35  3:26  Probe  
  36  3:28  Probe  
  37  3:34  Blink (Chrono Boost)  
  37  3:38  Probe  
  37  3:40  Probe  
  39  3:48  Assimilator  
  39  3:50  Probe  
  39  3:52  Pylon, Probe  
  39  3:55  Observer  
  42  4:02  Probe  
  43  4:05  Probe  
  44  4:14  Probe  
  45  4:21  Probe  
  45  4:26  Stalker  
  45  4:27  Stalker  
  49  4:32  Pylon  
  49  4:33  Nexus  
  49  4:39  Stalker, Observer  
  49  4:43  Probe x2  
  54  4:48  Pylon  
  54  4:55  Probe x2  
  54  4:59  Forge  
  55  5:00  Forge  
  55  5:07  Probe  
  55  5:09  Pylon  
  55  5:12  Gateway  
  56  5:14  Charge (Chrono Boost)  
  56  5:19  Gateway  
  56  5:24  Gateway  
  56  5:32  Gateway  
  56  5:38  Gateway  
  56  5:46  Sentry  
  56  5:47  Zealot x2  
  56  5:48  Probe x2  
  64  5:50  Probe  
  65  6:00  Probe x2  
  65  6:03  Immortal (Chrono Boost)  
  67  6:08  Probe  
  67  6:10  Zealot  
  74  6:18  Pylon  
  74  6:20  Zealot  
  74  6:22  Zealot  
  78  6:27  Pylon  
  78  6:30  Zealot x2  
  81  6:33  Sentry x4  
  79  6:43  Zealot x2  
Show
View Real Time Build Order
Export as new Build Order

MikeHawk Terran - Winner!

Build Orders: Reaper Expand 

Get SALT Encoding   

  12  0:00  SCV  
  13  0:12  SCV  
  14  0:17  Supply Depot  
  14  0:24  SCV  
  15  0:38  SCV  
  15  0:40  Barracks  
  16  0:43  Refinery  
  16  0:51  SCV  
  17  1:03  SCV  
  18  1:15  SCV  
  19  1:27  Orbital Command, Reaper  
  20  1:42  Command Center  
  20  1:50  Supply Depot  
  20  1:54  SCV  
  21  1:59  Marine  
  22  2:06  SCV  
  23  2:10  Factory  
  23  2:17  Refinery  
  23  2:18  SCV  
  23  2:22  Barracks Reactor  
  24  2:30  SCV  
  25  2:42  SCV  
  26  2:54  SCV, Orbital Command  
  26  2:55  Factory Tech Lab, Starport  
  27  2:58  Marine  
  27  2:59  Marine  
  29  3:06  SCV  
  30  3:15  Cyclone  
  30  3:16  Marine x2  
  30  3:18  SCV  
  30  3:19  SCV  
  37  3:25  Supply Depot  
  37  3:30  SCV  
  37  3:31  SCV  
  39  3:34  Marine x2  
  39  3:35  Bunker, Starport Tech Lab  
  41  3:43  SCV x2  
  41  3:46  Barracks  
  43  3:54  Raven  
  43  3:55  SCV x2  
  46  3:58  Barracks  
  46  4:00  Marine x2  
  49  4:07  SCV  
  49  4:09  SCV, Supply Depot  
  51  4:15  Engineering Bay  
  51  4:19  SCV  
  51  4:21  SCV, Supply Depot  
  53  4:25  Refinery  
  53  4:27  Marine  
  53  4:30  Marine  
  55  4:32  SCV, Supply Depot  
  55  4:33  SCV  
  57  4:38  Factory Reactor  
  57  4:43  Starport Reactor  
  57  4:44  SCV  
  57  4:45  SCV  
  59  4:46  Terran Infantry Weapons Level 1  
  59  4:49  Stimpack  
  59  4:51  Marine x2  
  59  4:52  Marine  
  62  4:53  Refinery  
  62  4:56  SCV  
  62  4:57  SCV  
  64  5:03  Combat Shield  
  65  5:08  SCV  
  65  5:09  SCV  
  65  5:10  Supply Depot  
  65  5:12  Marauder x2  
  70  5:18  Marine x2  
  70  5:20  SCV  
  73  5:21  SCV  
  73  5:22  Supply Depot  
  73  5:25  Supply Depot  
  74  5:30  Widow Mine x2  
  74  5:32  Medivac  
  80  5:36  Medivac, Marine x2  
  86  5:44  Marauder  
  86  5:45  Marauder  
  89  5:51  Widow Mine  
  89  5:54  Supply Depot, Marine x2  
  89  5:56  Widow Mine  
  93  5:58  Supply Depot  
  93  6:02  Medivac  
  95  6:06  Marauder x2, Medivac  
  95  6:09  Supply Depot  
  101  6:13  Marine  
  101  6:16  Widow Mine, Marine  
  105  6:19  Command Center  
  105  6:23  Widow Mine  
  105  6:30  Marauder x2  
  105  6:32  Marine  
  108  6:34  Marine  
Tags
 
Add a new tag
Caveats
  • Supply blocks, unpowered buildings, or Contaminate may cause inaccurate times.
  • Supply counts are checked every 10 seconds.